 Dungeon Crawl Stone Soup version 0.21.1-1-g345015f (webtiles) character file.

977 kae the Insei (level 8, -4/60 HPs)
             Began as a Gnoll Transmuter on June 1, 2018.
             Slain by Duvessa
             ... wielding a cursed -1 short sword
              (17 damage)
             ... on level 6 of the Dungeon.
             The game lasted 00:04:22 (5059 turns).

kae the Insei (Gnoll Transmuter)                    Turns: 5059, Time: 00:04:23

Health: -4/60      AC:  2    Str: 14    XL:     8   Next: 17%
Magic:  16/16      EV: 16    Int: 15    God:
Gold:   268        SH:  0    Dex: 17    Spells: 12/18 levels left

rFire    . . .     SeeInvis .   m - +1 hand axe
rCold    . . .     Gourm    .   (no shield)
rNeg     . . .     Faith    .   b - +0 robe
rPois    .         Spirit   .   (no helmet)
rElec    .         Reflect  .   (no cloak)
rCorr    .         Harm     .   (no gloves)
MR       .....                  (no boots)
Stlth    ++........             (no amulet)
HPRegen  0.20/turn              (no ring)
MPRegen  0.15/turn              (no ring)

@: no status effects
A: distributed training, fangs 1, strong nose
a: no special abilities


You were on level 6 of the Dungeon.
You were very hungry.

You visited 1 branch of the dungeon, and saw 6 of its levels.

You collected 268 gold pieces.

Inventory:

Hand Weapons
 m - a +1 hand axe (weapon)
Missiles
 a - 61 arrows
Armour
 b - a +0 robe (worn)
Jewellery
 o - an uncursed amulet of rage
Wands
 n - a wand of acid (8)
 r - a wand of flame (53)
Scrolls
 e - 2 scrolls of fog {unknown}
 f - 2 scrolls of enchant weapon
 g - 2 scrolls of remove curse
 h - 10 scrolls of identify
 i - a scroll of magic mapping {unknown}
 k - a scroll of blinking {unknown}
 l - 2 scrolls of teleportation
 p - a scroll of noise {unknown}
 t - a scroll of enchant armour {unknown}
 v - 2 scrolls of amnesia {unknown}
Potions
 j - 3 potions of haste
 q - 3 potions of curing
 s - a potion of agility
 w - 2 potions of cancellation {unknown}
 z - 2 potions of degeneration {unknown}
 A - a potion of brilliance {unknown}
Books
 c - a book of Changes

   Spells                             Type                      Level
   a - Beastly Appendage              Transmutation                1
   b - Sticks to Snakes               Transmutation                2
   c - Spider Form                    Transmutation/Poison         3
   d - Ice Form                       Ice/Transmutation            4
   e - Blade Hands                    Transmutation                5
 u - a book of Necromancy

   Spells                             Type                      Level
   a - Pain                           Necromancy                   1
   b - Animate Skeleton               Necromancy                   1
   c - Vampiric Draining              Necromancy                   3
   d - Regeneration                   Charms/Necromancy            3
   e - Animate Dead                   Necromancy                   4
   f - Borgnjor's Vile Clutch         Necromancy/Earth             5
 x - a book of Flames

   Spells                             Type                      Level
   a - Flame Tongue                   Conjuration/Fire             1
   b - Throw Flame                    Conjuration/Fire             2
   c - Conjure Flame                  Conjuration/Fire             3
   d - Inner Flame                    Hexes/Fire                   3
   e - Sticky Flame                   Conjuration/Fire             4
   f - Fireball                       Conjuration/Fire             5
Comestibles
 d - 11 rations


   Skills:
 + Level 4.0 Fighting
 + Level 3.0 Short Blades
 + Level 3.0 Long Blades
 + Level 3.0 Axes
 + Level 3.0 Maces & Flails
 + Level 3.0 Polearms
 + Level 3.0 Staves
 + Level 3.0 Slings
 + Level 3.0 Bows
 + Level 3.0 Crossbows
 + Level 3.0 Throwing
 + Level 3.0 Armour
 + Level 5.5 Dodging
 + Level 3.0 Stealth
 + Level 3.0 Shields
 + Level 7.2 Unarmed Combat
 + Level 5.8 Spellcasting
 + Level 2.4 Conjurations
 + Level 2.4 Hexes
 + Level 2.4 Charms
 + Level 2.4 Summonings
 + Level 2.4 Necromancy
 + Level 2.4 Translocations
 + Level 4.5 Transmutations
 + Level 2.4 Fire Magic
 + Level 2.4 Ice Magic
 + Level 2.4 Air Magic
 + Level 2.4 Earth Magic
 + Level 2.4 Poison Magic
 + Level 3.2 Invocations
 + Level 3.0 Evocations


You had 12 spell levels left.
You knew the following spells:

 Your Spells              Type           Power        Failure   Level  Hunger
a - Beastly Appendage     Tmut           ###...       2%          1    None
b - Sticks to Snakes      Tmut           ###.....     3%          2    #......
c - Spider Form           Tmut/Pois      ##........   11%         3    ###....


Dungeon Overview and Level Annotations

Branches:
Dungeon (6/15)
 Temple: D:4-7

Altars:
Ashenzari
Dithmenos
Zin
The Shining One

Annotations:
D:3 Blork the orc
D:6 Duvessa


Innate Abilities, Weirdness & Mutations

Your experience applies equally to all skills.
You have very sharp teeth.
Your uncanny sense of smell can sniff out nearby items.


Message History

You bite Duvessa!
Duvessa looks as sick as possible!
Duvessa is almost dead.
Duvessa hits you with an enchanted short sword!
You hit Duvessa.
Duvessa looks as sick as possible!
Duvessa is almost dead.
Duvessa misses you.
You hit Duvessa but do no damage.
Duvessa looks as sick as possible!
Duvessa is almost dead.
Your transformation has ended.
Your +1 hand axe unmelds from your body.
Your +0 robe unmelds from your body.
Duvessa barely misses you. Duvessa hits you but does no damage.
You barely miss Duvessa. You bite Duvessa, but do no damage.
Duvessa is almost dead.
Duvessa hits you with an enchanted short sword!
* * * LOW HITPOINT WARNING * * *
You closely miss Duvessa. Your bite misses Duvessa.
Duvessa is almost dead.
Duvessa hits you with an enchanted short sword!
You die...

##### #...######
##.........
###.....####.
#####.........##.
#................
#.###....)....##.
###.#####..........
#)@....###...######
#e#.##.# #...#
#....# # #####
#...$# #....#
#.##.# #. .. ......
## .# ..... ....


You could see Duvessa (berserk).

Vanquished Creatures
  Eustachio (D:5)
  An ogre (D:4)
  A wyvern skeleton (D:6)
  3 scorpions
  Dowan (D:6)
  A howler monkey (D:5)
  A crimson imp (D:6)
  2 hounds
  2 orc priests
  4 orc wizards
  A worker ant (D:5)
  A hound zombie (D:5)
  4 adders
  3 gnolls (D:3)
  A shadow imp (D:5)
  2 oozes
  2 worms
  A leopard gecko (D:3)
  8 orcs
  12 bats
  8 goblins
  12 hobgoblins
  6 jackals
  5 quokkas
  3 ball pythons
  4 frilled lizards
  5 kobolds
  A leopard gecko skeleton (D:6)
  4 rats
100 creatures vanquished.

Notes
Turn   | Place    | Note
-------+----------+-------------------------------------------
     0 | D:1      | kae the Gnoll Transmuter began the quest for the Orb.
     0 | D:1      | Reached XP level 1. HP: 17/17 MP: 6/6
    73 | D:1      | Reached XP level 2. HP: 12/23 MP: 7/7
   796 | D:1      | Found a glowing golden altar of the Shining One.
  1103 | D:2      | Reached skill level 5 in Spellcasting
  1103 | D:2      | Reached XP level 3. HP: 21/28 MP: 6/9
  1316 | D:2      | Reached skill level 1 in Invocations
  1325 | D:2      | Learned a level 2 spell: Sticks to Snakes
  1329 | D:2      | Learned a level 3 spell: Spider Form
  1380 | D:2      | Reached skill level 1 in Short Blades
  1380 | D:2      | Reached skill level 1 in Long Blades
  1380 | D:2      | Reached skill level 1 in Axes
  1380 | D:2      | Reached skill level 1 in Maces & Flails
  1380 | D:2      | Reached skill level 1 in Polearms
  1380 | D:2      | Reached skill level 1 in Staves
  1380 | D:2      | Reached skill level 1 in Slings
  1380 | D:2      | Reached skill level 1 in Bows
  1380 | D:2      | Reached skill level 1 in Crossbows
  1380 | D:2      | Reached skill level 1 in Throwing
  1380 | D:2      | Reached skill level 1 in Armour
  1380 | D:2      | Reached skill level 1 in Stealth
  1380 | D:2      | Reached skill level 1 in Shields
  1380 | D:2      | Reached skill level 1 in Evocations
  1540 | D:2      | Reached XP level 4. HP: 34/34 MP: 7/11
  2468 | D:3      | Reached skill level 1 in Conjurations
  2468 | D:3      | Reached skill level 1 in Hexes
  2468 | D:3      | Reached skill level 1 in Charms
  2468 | D:3      | Reached skill level 1 in Summonings
  2468 | D:3      | Reached skill level 1 in Necromancy
  2468 | D:3      | Reached skill level 1 in Translocations
  2468 | D:3      | Reached skill level 1 in Fire Magic
  2468 | D:3      | Reached skill level 1 in Ice Magic
  2468 | D:3      | Reached skill level 1 in Air Magic
  2468 | D:3      | Reached skill level 1 in Earth Magic
  2468 | D:3      | Reached skill level 1 in Poison Magic
  2492 | D:3      | Reached XP level 5. HP: 38/40 MP: 8/12
  2564 | D:3      | Found a faded altar of an unknown god.
  2959 | D:3      | Noticed Blork the orc
  3188 | D:4      | Found a shadowy altar of Dithmenos.
  3271 | D:4      | HP: 1/41 [orc wizard/magic dart (8)]
  3274 | D:4      | Reached XP level 6. HP: 11/47 MP: 10/13
  3549 | D:4      | Reached skill level 5 in Dodging
  3568 | D:4      | Found a glowing silver altar of Zin.
  3906 | D:5      | Entered Level 5 of the Dungeon
  3929 | D:5      | Reached XP level 7. HP: 52/52 MP: 11/15
  3982 | D:5      | Found a shattered altar of Ashenzari.
  3995 | D:5      | Noticed Eustachio
  3998 | D:5      | Reached skill level 7 in Unarmed Combat
  4013 | D:5      | Killed Eustachio
  4621 | D:6      | Reached XP level 8. HP: 36/60 MP: 13/16
  4787 | D:6      | Found the +4 Vampire's Tooth {vamp}
  5034 | D:6      | Noticed Dowan
  5040 | D:6      | Noticed Duvessa
  5043 | D:6      | Killed Dowan
  5059 | D:6      | Slain by Duvessa

Skill      XL: |  1  2  3  4  5  6  7  8 |
---------------+-------------------------+-----
Spellcasting   | 5 |  5.8
Invocations    | 1 2 3 |  3.2
Short Blades   | 1 2 3 |  3.0
Long Blades    | 1 2 3 |  3.0
Axes           | 1 2 3 |  3.0
Maces & Flails | 1 2 3 |  3.0
Polearms       | 1 2 3 |  3.0
Staves         | 1 2 3 |  3.0
Slings         | 1 2 3 |  3.0
Bows           | 1 2 3 |  3.0
Crossbows      | 1 2 3 |  3.0
Throwing       | 1 2 3 |  3.0
Armour         | 1 2 3 |  3.0
Stealth        | 1 2 3 |  3.0
Shields        | 1 2 3 |  3.0
Evocations     | 1 2 3 |  3.0
Conjurations   | 1 2 |  2.4
Hexes          | 1 2 |  2.4
Charms         | 1 2 |  2.4
Summonings     | 1 2 |  2.4
Necromancy     | 1 2 |  2.4
Translocations | 1 2 |  2.4
Fire Magic     | 1 2 |  2.4
Ice Magic      | 1 2 |  2.4
Air Magic      | 1 2 |  2.4
Earth Magic    | 1 2 |  2.4
Poison Magic   | 1 2 |  2.4
Fighting       | 3 4 |  4.0
Transmutations | 4 |  4.5
Dodging        | 5 |  5.5
Unarmed Combat | 7 |  7.2

Action                   |  1- 3 |  4- 6 |  7- 9 || total
-------------------------+-------+-------+-------++-------
Melee: Unarmed           |    75 |    65 |    98 ||   238
       Bite              |     6 |     8 |     2 ||    16
       Kick              |     4 |       |       ||     4
       Headbutt          |     3 |       |       ||     3
       Punch             |     2 |       |       ||     2
       Hand axe          |       |    71 |     6 ||    77
 Cast: Beastly Appendage |    12 |       |       ||    12
       Spider Form       |     1 |    16 |    11 ||    28
       Sticks to Snakes  |       |     3 |       ||     3
Evoke: Wand              |       |     1 |       ||     1
  Use: Potion            |       |     5 |       ||     5
       Scroll            |       |       |     5 ||     5
 Stab: Sleeping          |     1 |     4 |     4 ||     9
       Distracted        |       |     1 |       ||     1
  Eat: Chunk             |     1 |    10 |     3 ||    14
Armor: Robe              |    11 |    11 |     1 ||    23
       Skin              |       |     3 |     4 ||     7
Dodge: Dodged            |    73 |   110 |    92 ||   275
